 Dungeon Crawl Stone Soup version 0.29.1-12-g30fa7ad0bf (webtiles) character file.

Game seed: 17736890828882881016

1036 Coaxmetal the Digger (level 8, -8/48 HPs)
             Began as a Gargoyle Earth Elementalist on Dec 18, 2022.
             Mangled by ZoeForever1's ghost (11 damage)
             ... on level 4 of the Dungeon.
             The game lasted 00:07:58 (5136 turns).

Coaxmetal the Digger (Gargoyle Earth Elementalist)  Turns: 5136, Time: 00:07:59

Health: -8/48      AC:  8    Str: 12    XL:     8   Next: 24%
Magic:  5/14       EV: 12    Int: 18    God:
Gold:   284        SH:  0    Dex: 10    Spells: 2/15 levels left

rFire   . . .      SeeInvis .   d - +0 whip
rCold   + + .      Faith    .   (no shield)
rNeg    + . .      Spirit   .   k - +0 robe of Zin's Grace {rC++}
rPois   ∞          Reflect  .   (no helmet)
rElec   +          Harm     .   (no cloak)
rCorr   .          Rampage  .   (no gloves)
Will    .....                   n - +0 pair of boots
Stlth   ++........              (no amulet)
HPRegen 0.16/turn               (no ring)
MPRegen 0.14/turn               (no ring)

@: no status effects
A: sickness immunity, AC +5, negative energy resistance 1, electricity
resistance, torment resistance 1, petrification resistance
a: no special abilities


You were on level 4 of the Dungeon.
You visited 1 branch of the dungeon, and saw 4 of its levels.

You collected 284 gold pieces.

Inventory:

Hand Weapons
 d - a +0 whip (weapon)
Missiles
 e - 5 poisoned darts
 g - 5 javelins (quivered)
 i - 6 atropa-tipped darts
Armour
 k - the +0 robe of Zin's Grace (worn) {rC++}
   (You found it on level 2 of the Dungeon)

   rC:        It greatly protects you from cold.
 n - a +0 pair of boots (worn)
 u - a +0 buckler
Magical Staves
 h - a staff of cold
Wands
 p - a wand of iceblast (8)
Scrolls
 a - 3 scrolls of fog {unknown}
 c - 8 scrolls of identify {unknown}
 f - 4 scrolls of magic mapping {unknown}
 j - a scroll of enchant armour {unknown}
 l - 2 scrolls of vulnerability {unknown}
 s - 2 scrolls of immolation {unknown}
 t - a scroll of teleportation {unknown}
 x - a scroll of torment {unknown}
Potions
 b - 2 potions of magic
 m - 3 potions of lignification {unknown}
 o - a potion of flight {unknown}
 q - a potion of berserk rage {unknown}
 r - 3 potions of degeneration {unknown}
 v - a potion of curing
 w - 2 potions of brilliance {unknown}


   Skills:
 + Level 4.4 Fighting
 + Level 3.8 Dodging
 - Level 2.1 Stealth
 + Level 4.2 Spellcasting
 * Level 4.2 Conjurations
 + Level 0.0 Necromancy
 + Level 2.3 Transmutations
 + Level 5.0 Earth Magic


You had 2 spell levels left.
You knew the following spells:

 Your Spells              Type           Power      Damage    Failure   Level
a - Sandblast             Erth           42%        2d11      1%          1
b - Stone Arrow           Conj/Erth      40%        3d9       6%          3
c - Petrify               Tmut/Erth      17%        N/A       32%         4
d - Borgnjor's Vile Clut  Necr/Erth      6%         N/A       82%         5

Your spell library contained the following spells:

 Spells                   Type           Power      Damage    Failure   Level
 Passwall                 Tmut/Erth      14%        N/A       4%          2
 Blink                    Tloc           6%         N/A       22%         2
 Portal Projectile        Hex/Tloc       6%         N/A       41%         3
 Tukima's Dance           Hex            3%         N/A       41%         3
 Animate Dead             Necr           3%         N/A       82%         4
 Blade Hands              Tmut           6%         N/A       83%         5
 Manifold Assault         Tloc           3%         N/A       99%         5
 Death Channel            Necr           1%         N/A       100%        6
 Storm Form               Tmut/Air       4%         N/A       100%        7


Dungeon Overview and Level Annotations

Branches:
Dungeon (4/15)
 Temple: D:4-7

Altars:
Trog
Xom
Zin

Shops:
D:4 (

Annotations:
D:4 ZoeForever1's ghost, amateur HuGl


Innate Abilities, Weirdness & Mutations

You are immune to sickness and miasma.
Your stone body is resilient. (AC +5)
You are immune to poison.
You resist negative energy. (rN+)
You are resistant to electric shocks. (rElec)
You are resistant to unholy torment.
You are immune to petrification.


Message History

ZoeForever1's ghost attacks as you move away!
ZoeForever1's ghost barely misses you.
Casting: Sandblast (safe; 1% risk of failure)
Confirm with . or Enter, or press ? or * to list all spells.
Aiming: Sandblast (safe; 1% risk of failure)
Press: ? - help, Shift-Dir - straight line, f/p - ZoeForever1's ghost
Aim: ZoeForever1's ghost (moderately damaged, 79% to hit)
The blast of sand hits ZoeForever1's ghost.
ZoeForever1's ghost is moderately damaged.
ZoeForever1's ghost hits you. ZoeForever1's ghost hits you!
ZoeForever1's ghost attacks as you move away!
ZoeForever1's ghost hits you.
Casting: Sandblast (safe; 1% risk of failure)
Confirm with . or Enter, or press ? or * to list all spells.
Aiming: Sandblast (safe; 1% risk of failure)
Press: ? - help, Shift-Dir - straight line, f/p - ZoeForever1's ghost
Aim: ZoeForever1's ghost (moderately damaged, 79% to hit)
The blast of sand hits ZoeForever1's ghost.
ZoeForever1's ghost is heavily damaged.
ZoeForever1's ghost hits you.
* * * LOW HITPOINT WARNING * * *
ZoeForever1's ghost attacks as you move away!
ZoeForever1's ghost hits you!
* * * LOW HITPOINT WARNING * * *
ZoeForever1's ghost whispers, "Death doesn't hurt.
What you feel is life."
Press: ? - help, v - describe, . - travel
Here: ZoeForever1's ghost (heavily damaged)
The floor.
Unknown command.
Casting: Sandblast (safe; 1% risk of failure)
Confirm with . or Enter, or press ? or * to list all spells.
Aiming: Sandblast (safe; 1% risk of failure)
Press: ? - help, Shift-Dir - straight line, f/p - ZoeForever1's ghost
Aim: ZoeForever1's ghost (heavily damaged, 79% to hit)
The blast of sand hits ZoeForever1's ghost.
ZoeForever1's ghost is heavily damaged.
ZoeForever1's ghost hits you.
* * * LOW HITPOINT WARNING * * *
ZoeForever1's ghost hits you!
You die...

#.# #.....................## #.#
###.#######...####.#.## #.# #.#
##### #.#.# #.# #.# #.#.# #.#
####.# #.#.# #.# #_##.#
########## #.# ##.##.#
#..#(..♣.## # #.#
#...#.##########..#...(.#.
####.###...##...@W.......'.(...##
.....##.....#.########...'....(#
#######.....### ##..'..♣..# #
###....8....### #..#(...(#
###......#......### #..#.....#
#_.....8###8....._# ###########
###......#......########.........
###....8....###.....).∩.#(..### #
###.....###.############<##


You could see ZoeForever1's ghost.

Vanquished Creatures
  Grinder (D:4)
  Sigmund (D:2)
  Duvessa (D:4)
  A necrophage (D:4)
  A scorpion (D:4)
  Dowan (D:4)
  3 hounds
  A jelly (D:4)
  2 iguanas (D:4)
  3 orc wizards
  4 gnolls (D:4)
  5 adders
  3 worms
  A dart slug (D:1)
  11 orcs
  3 ball pythons
  5 endoplasms
  2 giant cockroaches (D:2)
  9 goblins
  7 hobgoblins
  4 jackals (D:4)
  4 quokkas
  5 bats
  5 frilled lizards
  8 kobolds
  5 rats
96 creatures vanquished.

Vanquished Creatures (others)
  A fungus (D:4)
1 creature vanquished.

Grand Total: 97 creatures vanquished

Notes
Turn   | Place    | Note
-------+----------+-------------------------------------------
     0 | D:1      | Coaxmetal the Gargoyle Earth Elementalist began the quest
                  | for the Orb.
     0 | D:1      | Reached XP level 1. HP: 10/10 MP: 3/3
   222 | D:1      | Reached XP level 2. HP: 16/16 MP: 1/5
   668 | D:1      | Reached skill level 1 in Fighting
   747 | D:1      | Reached skill level 4 in Earth Magic
  1029 | D:2      | Noticed Sigmund
  1032 | D:2      | Reached XP level 3. HP: 20/20 MP: 4/6
  1035 | D:2      | Killed Sigmund
  1036 | D:2      | Reached XP level 4. HP: 23/27 MP: 1/8
  1036 | D:2      | Reached XP level 5. HP: 27/31 MP: 1/9
  1316 | D:2      | Identified the +0 robe of Zin's Grace {rC++}
  1528 | D:2      | Reached skill level 5 in Earth Magic
  1917 | D:2      | Reached XP level 6. HP: 36/36 MP: 6/10
  2163 | D:2      | Learned a level 3 spell: Stone Arrow
  2168 | D:2      | Learned a level 4 spell: Petrify
  3254 | D:4      | Reached skill level 1 in Transmutations
  3261 | D:3      | Reached skill level 1 in Conjurations
  3452 | D:4      | Noticed Duvessa
  3591 | D:4      | Found Waninuc's Weapon Emporium.
  3698 | D:4      | Reached XP level 7. HP: 37/41 MP: 6/12
  3760 | D:4      | Found a glowing silver altar of Zin.
  3762 | D:4      | Found a bloodstained altar of Trog.
  3773 | D:4      | Found a shimmering altar of Xom.
  4480 | D:4      | Noticed Grinder
  4496 | D:4      | Killed Grinder
  4654 | D:4      | Noticed Dowan
  4667 | D:4      | Killed Duvessa
  4668 | D:4      | Reached XP level 8. HP: 41/48 MP: 6/14
  4748 | D:4      | Killed Dowan
  4901 | D:4      | Found a runed translucent gate.
  4901 | D:4      | Found a runed translucent gate.
  4901 | D:4      | Found a runed translucent gate.
  4908 | D:4      | Learned a level 5 spell: Borgnjor's Vile Clutch
  4912 | D:4      | Noticed ZoeForever1's ghost (amateur HuGl)
  5136 | D:4      | Mangled by ZoeForever1's ghost

Illustrated notes

Levels and vault maps discovered:
D:1:      psy_arrival_wood_between_worlds, layout_basic, minmay_liquid_box
D:2:      layout_basic, uniq_sigmund
D:3:      layout_basic, chequers_serial_rivers_small_3,
          kennysheep_generic_room_4
D:4:      layout_loops_ring, minmay_overflow_temple_star_quad,
          ebering_ghost_rock_garden, serial_shops, shop, dreamdust_gnoll_farm,
          uniq_duvessa, uniq_grinder

Skill      XL: |  1  2  3  4  5  6  7 |
---------------+----------------------+-----
Fighting       | 1 2 3 4 |  4.4
Earth Magic    | 4 5 |  5.0
Dodging        | 2 3 |  3.8
Spellcasting   | 3 4 |  4.2
Transmutations | 1 2 |  2.3
Conjurations   | 1 4 |  4.2
Stealth        | |  2.1

Action                   |  1- 3 |  4- 6 |  7- 9 || total
-------------------------+-------+-------+-------++-------
Melee: Whip              |       |     6 |       ||     6
Throw: Dart              |       |       |     4 ||     4
       Javelin           |       |       |     2 ||     2
 Cast: Sandblast         |    28 |    87 |    59 ||   174
       Stone Arrow       |       |       |     7 ||     7
Evoke: Wand              |       |       |     2 ||     2
Armor: Robe              |     3 |    13 |    11 ||    27
Dodge: Dodged            |     2 |    31 |    23 ||    56
